Unix NetHack Version 5.0.0-0 post-release - last build May 17 2026 04:57:42 (dc50c8380fa5e20985bfe3072449f57b8d9895ef,branch:main).

Game began 2026-05-18 16:54:10, ended 2026-05-18 18:05:04.

Brudee, chaotic female human Monk

                                                ---
  ---    ----    -----                         --.---     ----
 --.--   |..--- --.|.--                        |....|     |..--
 |...|   |....---.....|                        |....|     |...--
 --..|   |...........--                       --....|      ....---
  --.|  --..........--                        |.....|      -.....| ------
   |.| --...........|                        #-.|..--  -----.....--.....| ---
   |*| |............--                      -#.[|..----#>#-.................--
   |.| |...-.......^.---         --#--#     |..---..........f................|
   |.| |...............|        --....--    |.-- ---.........@...............|
   |.| --..............#---------......---  |.|    --......[..q.....-- ...----
   |.|  --......).......|................|  |.|     ---......--.....|    --
   |.--- |............)...---------......---|[|       |...-----.-----
   |...| |..................--    |........--.|       -----   ..|
   ---.| --..................|  ---.....[.....|               ---
    --.|  |---....---.......--- |.............--
    |..----.....|.| |.......||.................|
    |.......----|.| |...-----|.................-
    --..-----   |.| -----    ---....--.---......|
     ----       ---            --------- -----.--
                                              --
Brudee the Initiate             St:15 Dx:16 Co:17 In:8 Wi:13 Ch:10  Chaotic S:8639
Dlvl:8  $:33 HP:0(73) Pw:52(52) AC:2  Xp:8/1945 T:4152 

Latest messages:
 The gnome throws a thonged club!
 The thonged club hits the red mold.
 The red mold is killed!
 You see here a thonged club.
 The gnome misses!
 You kill the gnome!
 The gnome hits!
 You kill the gnome!
 You see here 7 runed arrows.
 You see here a gnome corpse.
 You see here a thonged club.
 You see here 7 runed arrows.
 You see here a key.
 t - a key.
 You hear some noises in the distance.
 You see here 10 rocks.
 You see here a yellowish brown gem.
 v - a yellowish brown gem.
 You see here 10 rocks.
 You swap places with your large dog.
 A gush of water hits the large dog!
 A gush of water hits the large dog's right foreleg!
 You see here 7 runed arrows.
 You stop.  Your housecat is in the way!
 You see here a dwarvish cloak.
 $ - 6 gold pieces (33 in total).
 x - a white gem.
 Your housecat steps reluctantly onto a corroded pair of iron shoes.
 You attack thin air.
 You see here a dwarvish cloak.
 You see here a green gem.
 y - a green gem.
 You hit the leocrotta!
 You hit the leocrotta!
 The leocrotta hits!
 The leocrotta bites!
 The leocrotta hits!
 The leocrotta hits!
 The leocrotta bites!
 The leocrotta just misses!
 You hit the leocrotta!
 The leocrotta just misses!
 The leocrotta bites!
 The leocrotta hits!
 The leocrotta hits!
 The leocrotta bites!
 The leocrotta hits!
 You die...
 Do you want your possessions identified? [ynq] (y) y
 Do you want to see your attributes? [ynq] (y) q

Inventory:
 Coins    ('$')
  $ - 33 gold pieces
 Amulets  ('"')
  Q - an uncursed amulet of reflection (being worn)
 Weapons  (')')
  n - a +0 crossbow bolt
  c - 11 blessed rustproof +0 darts
  C - 20 +0 darts
 Armor    ('[')
  s - an uncursed +0 elven leather helm
  O - an uncursed +0 orcish helm (being worn)
  a - an uncursed +2 pair of leather gloves (being worn)
  X - an uncursed +0 pair of kicking boots (being worn)
  b - an uncursed +1 robe (being worn)
 Wands    ('/')
  d - a wand of magic missile (0:5)
  w - a wand of magic missile (0:4)
  A - a wand of striking (0:1)
 Tools    ('(')
  i - an uncursed bag of holding containing 45 items
  L - an uncursed sack containing 1 item
  u - a horn of plenty (0:19)
  U - an uncursed wooden flute
  R - an uncursed blindfold
  V - an uncursed blindfold
  W - an uncursed leash
  S - an uncursed lock pick
  P - an uncursed magic lamp (lit)
  j - a +0 pick-axe
  t - an uncursed skeleton key
  I - an uncursed skeleton key
  T - an uncursed tin opener
  G - a +0 unicorn horn
 Gems/Stones  ('*')
  v - an uncursed amber stone
  y - an uncursed emerald
  x - an uncursed worthless piece of white glass
  Y - an uncursed luckstone

Contents of the bag of holding:
  326 gold pieces
  2 +0 elven daggers
  an uncursed +0 cloak of invisibility
  a blessed +0 dwarvish mithril-coat
  5 uncursed apples
  4 uncursed food rations
  7 uncursed fortune cookies
  6 uncursed oranges
  2 uncursed pancakes
  an uncursed tripe ration
  an uncursed egg
  an uncursed scroll of blank paper
  an uncursed scroll of enchant weapon
  an uncursed scroll of fire
  an uncursed scroll of genocide
  6 uncursed scrolls of identify
  a cursed scroll of identify
  an uncursed scroll of light
  an uncursed scroll of punishment
  an uncursed scroll of scare monster
  an uncursed spellbook of protection
  an uncursed potion of booze
  3 uncursed potions of confusion
  a blessed potion of extra healing
  an uncursed potion of extra healing
  an uncursed potion of levitation
  a blessed potion of see invisible
  an uncursed potion of sleeping
  7 uncursed potions of water
  an uncursed -1 ring of increase damage
  an uncursed ring of poison resistance
  an uncursed ring of poison resistance
  a magic marker (0:19)
  an uncursed tin whistle
  3 uncursed amethyst stones
  4 uncursed diamonds
  4 uncursed emeralds
  an uncursed jet stone
  an uncursed ruby
  an uncursed worthless piece of black glass
  an uncursed worthless piece of blue glass
  2 uncursed worthless pieces of green glass
  2 uncursed worthless pieces of red glass
  10 uncursed worthless pieces of violet glass
  4 uncursed worthless pieces of white glass

Contents of the sack:
  an uncursed ring of regeneration

Brudee the Monk's attributes:

Background:
 You were an Initiate, a level 8 female human Monk.
 You were chaotic, on a mission for Huan Ti
 who was opposed by Shan Lai Ching (lawful) and Chih Sung-tzu (neutral).
 You were right-handed.
 You were in the Gnomish Mines, on level 8.
 You entered the dungeon 4152 turns ago.
 There was a new moon in effect when your adventure ended.
 You had 1945 experience points, 615 more were needed to attain level 9.
 Your score was 8639 before end-of-game adjustments.

Basics:
 You had 0 out of 73 hit points.
 You had all 52 energy points (spell power).
 Your armor class was 2.
 Your wallet contained 33 zorkmids, and
 you had 326 more stashed away in your pack.
 Autopickup was on for '$!=+?/"' plus thrown.

Final Characteristics:
 Your strength was 15 (limit:18/100).
 Your dexterity was 16 (limit:18).
 Your constitution was 17 (limit:18).
 Your intelligence was 8 (limit:18).
 Your wisdom was 13 (limit:18).
 Your charisma was 10 (limit:18).

Final Status:
 You weren't hungry.
 You were unencumbered.
 You were empty handed.
 You had expert skill with martial arts.

Final Attributes:
 You were piously aligned.
 You were sleep resistant.
 You were poison resistant.
 You saw invisible.
 You were warned.
 You were stealthy.
 You were guarded.
 Your spell casting was enhanced by wearing a robe.
 You were fast.
 You had reflection.
 You were lucky.
 You had extra luck.
 Bad luck did not time out for you.
 Good luck did not time out for you.
 You are dead.

Miscellaneous:
 You didn't encounter any bones levels.
 Total elapsed playing time was 1 hour, 10 minutes and 53 seconds.

Major events:
 Turn
    1: Brudee the chaotic female human Monk entered the dungeon
  601: attained the rank of Novice (level 3)
  871: entered the Gnomish Mines
 1205: reached Mine Town
 1695: attained the rank of Initiate (level 6)
 3425: acquired the Mines' End luckstone
 4152: killed by a leocrotta

Spells:
 Name                 Level Category     Fail Retention
 confuse monster        1   enchantment    0%  76%-100%
 jumping                1   escape         0%  76%-100%

Skills:
 Fighting Skills
   martial arts       [Expert]
 Weapon Skills
   quarterstaff       [Unskilled]
   spear              [Unskilled]
   crossbow           [Unskilled]
   shuriken           [Unskilled]
 Spellcasting Skills
   attack spells      [Unskilled]
   healing spells     [Basic]
   divination spells  [Unskilled]
   enchantment spells [Unskilled]
   clerical spells    [Unskilled]
   escape spells      [Unskilled]
   matter spells      [Unskilled]

Voluntary challenges:
 Character rerolling was not enabled.
 You followed a strict vegan diet.
 You never genocided any monsters.
 You never polymorphed an object.
 You never changed form.
 You used no wishes.
Achievements:
 You attained the rank of Novice.
 You entered a shop.
 You entered the Gnomish Mines.
 You entered Minetown.
 You entered a temple.
 You attained the rank of Initiate.
 You completed the Gnomish Mines.

 The Dungeons of Doom: levels 1 to 4
    Level 1:
       Some fountains, a sink.
    Level 2:
       Many fountains, some sinks.
    Level 3:
       A potion shop.
       Stairs down to The Gnomish Mines.
    Level 4:
 The Gnomish Mines: levels 4 to 11
    Level 4:
    Level 5:
    Level 6:
       Many shops, a temple and an altar, some fountains, some trees.
    Level 7:
    Level 8: <- You were here.
       Final resting place for
          you, killed by a leocrotta.
    Level 9:
    Level 10:
    Level 11:


Vanquished creatures:
  a giant mimic
  2 large mimics
  2 small mimics
 an ettin zombie
  a Grey-elf
  a watchman
  2 winter wolf cubs
  2 giant spiders
  a scorpion
 an ice vortex
  a gnome ruler
  a jaguar
  a white unicorn
  a plains centaur
  a pony
  3 fog clouds
  a violet fungus
 19 gnome leaders
  3 gnomish wizards
  a kobold mummy
  a straw golem
 22 dwarves
  a kobold leader
  a kobold shaman
 11 hill orcs
  a rabid rat
  2 giant bats
  a dwarf zombie
  2 iguanas
  4 coyotes
  5 hobbits
  3 giant rats
  a yellow mold
  a red mold
 64 gnomes
 11 garter snakes
  a gnome zombie
  8 jackals
  a kobold
  4 sewer rats
  4 grid bugs
  a lichen
  a kobold zombie
  a newt
198 creatures vanquished.

No species were genocided or became extinct.

Game over:
                       ----------
                      /          \
                     /    REST    \
                    /      IN      \
                   /     PEACE      \
                  /                  \
                  |      Brudee      |
                  |      359 Au      |
                  |   killed by a    |
                  |    leocrotta     |
                  |                  |
                  |                  |
                  |       2026       |
                 *|     *  *  *      | *
        _________)/\\_//(\/(/\)/\//\/|_)_______

Goodbye Brudee the Monk...

You died in The Gnomish Mines on dungeon level 8 with 8604 points,
and 359 pieces of gold, after 4152 moves.
You were level 8 with a maximum of 73 hit points when you died.

